 Dungeon Crawl Stone Soup version 0.25-a0-1133-g93ebf73 (webtiles) character file.

Game seed: 11619570117478433136, levelgen mode: deterministic

5037 operationiv the Nimble (level 10, 0/77 (79) HPs)
             Began as a Gnoll Gladiator on May 22, 2020.
             Was a Follower of Yredelemnul.
             Slain by Harold
             ... wielding a +2 glaive of freezing
              (1 damage)
             ... on level 8 of the Dungeon.
             The game lasted 00:12:28 (9155 turns).

operationiv the Nimble (Gnoll Gladiator)            Turns: 9155, Time: 00:12:28

HP:   0/77 (79)     AC: 10    Str: 25    XL:     10   Next: 55%
MP:   11/17         EV: 16    Int: 12    God:    Yredelemnul [*.....]
Gold: 402           SH:  0    Dex: 16    Spells: 15/19 levels left

rFire    + . .     SeeInvis .   s - +0 halberd
rCold    + + .     Gourm    .   (shield currently unavailable)
rNeg     . . .     Faith    .   w - +2 scale mail {rC+}
rPois    .         Spirit   .   c - +0 helmet
rElec    .         Reflect  .   F - scarf {rC+ rF+}
rCorr    .         Harm     .   (no gloves)
MR       .....                  (no boots)
Stlth    +++.......             (no amulet)
HPRegen  0.22/turn              l - +6 ring of strength
MPRegen  0.15/turn              y - ring of stealth {Stlth+}

@: marked
A: distributed training, fangs 1, strong nose
a: Animate Remains, Renounce Religion


You were on level 8 of the Dungeon.
You worshipped Yredelemnul.
Yredelemnul was aware of your devotion.
You were not hungry.

You visited 2 branches of the dungeon, and saw 9 of its levels.

You collected 402 gold pieces.

Inventory:

Hand Weapons
 s - a +0 halberd (weapon)
   (You took it off a gnoll on level 4 of the Dungeon)
 L - a +1 spear of venom
   (You took it off a gnoll sergeant on level 7 of the Dungeon)
Missiles
 d - 2 throwing nets {=f, !d}
Armour
 c - a +0 helmet (worn)
 w - a +2 scale mail of cold resistance (worn)
   (You took it off Terence on level 3 of the Dungeon)
 F - a scarf of resistance (worn)
   (You found it on level 6 of the Dungeon)
 M - a +0 buckler of protection
   (You took it off a gnoll sergeant on level 7 of the Dungeon)
Magical Staves
 D - an uncursed staff of conjuration {unknown}
   (You found it on level 6 of the Dungeon)
Jewellery
 l - a +6 ring of strength (left hand)
   (You found it on level 1 of the Dungeon)
 y - a ring of stealth (right hand) {Stlth+}
   (You found it on level 5 of the Dungeon)
Wands
 u - a wand of enslavement (22)
   (You found it on level 5 of the Dungeon)
 x - a wand of random effects (19)
   (You took it off Terence on level 3 of the Dungeon)
 G - a wand of disintegration (23)
   (You found it on level 6 of the Dungeon)
Scrolls
 b - 2 scrolls of blinking {unknown}
 e - 4 scrolls of remove curse
 g - 5 scrolls of enchant weapon {unknown}
 h - 3 scrolls of teleportation {unknown}
 i - 2 scrolls of magic mapping {unknown}
 j - 5 scrolls of identify {unknown}
 m - 3 scrolls of amnesia {unknown}
 v - a scroll of silence {unknown}
 z - 4 scrolls of immolation {unknown}
 B - a scroll of summoning {unknown}
 H - a scroll of fear {unknown}
Potions
 a - a potion of might {unknown}
 k - a potion of resistance {unknown}
 n - a potion of curing
 o - a potion of magic {unknown}
 p - a potion of invisibility
 r - a potion of flight
 t - a potion of berserk rage {unknown}
 A - a potion of degeneration {unknown}
 C - a potion of brilliance {unknown}
 E - a potion of ambrosia {unknown}
Comestibles
 f - 10 rations
 q - 8 chunks of flesh {@w0}


   Skills:
 + Level 7.1 Fighting
 + Level 5.3 Short Blades
 + Level 5.3 Long Blades
 + Level 5.3 Axes
 + Level 5.3 Maces & Flails
 + Level 8.5 Polearms
 + Level 5.3 Staves
 + Level 5.3 Slings
 + Level 5.3 Bows
 + Level 5.3 Crossbows
 + Level 7.1 Throwing
 + Level 5.3 Armour
 + Level 8.5 Dodging
 + Level 5.3 Stealth
 + Level 5.3 Shields
 + Level 5.3 Unarmed Combat
 + Level 5.3 Spellcasting
 + Level 4.3 Conjurations
 + Level 4.3 Hexes
 + Level 4.3 Charms
 + Level 4.3 Summonings
 + Level 4.3 Necromancy
 + Level 4.3 Translocations
 + Level 4.3 Transmutations
 + Level 4.3 Fire Magic
 + Level 4.3 Ice Magic
 + Level 4.3 Air Magic
 + Level 4.3 Earth Magic
 + Level 4.3 Poison Magic
 + Level 5.8 Invocations
 + Level 5.3 Evocations


You had 15 spell levels left.
You knew the following spells:

 Your Spells              Type           Power        Failure   Level  Hunger
a - Ensorcelled Hibernat  Hex/Ice        ##....       11%         2    ##.....
s - Sticks to Snakes      Tmut           ##......     11%         2    ##.....

Your spell library contained the following spells:

 Spells                   Type           Power        Failure   Level  Hunger
 Beastly Appendage        Tmut           ##....       7%          1    None
 Corona                   Hex            ##.....      7%          1    None
 Confusing Touch          Hex            ##......     22%         3    ###....
 Dazzling Flash           Conj/Hex       ##....       22%         3    ###....
 Spider Form              Tmut/Pois      ##........   22%         3    ###....
 Tukima's Dance           Hex            ##......     22%         3    ###....
 Ice Form                 Ice/Tmut       ##......     56%         4    ####...
 Blade Hands              Tmut           ##........   89%         5    ######.


Dungeon Overview and Level Annotations

Branches:
Dungeon (8/15)             Temple (1/1) D:5
   Lair: D:8-11

Altars:
Ashenzari
Dithmenos
Elyvilon
Fedhas
Gozag
Hepliaklqana
Kikubaaqudgha
Makhleb
Nemelex Xobeh
Okawaru
Qazlal
Ru
Sif Muna
Trog
Uskayaw
Vehumet
Wu Jian
Xom
Yredelemnul
Zin
The Shining One

Shops:
D:7 }

Annotations:
D:3 1 runed translucent door, Crazy Yiuf
D:8 Harold


Innate Abilities, Weirdness & Mutations

Your experience applies equally to all skills.
You have very sharp teeth.
Your uncanny sense of smell can sniff out nearby items.


Message History

The sky beast barely misses you.
You hit the sky beast but do no damage. The sky beast closely misses you.
You puncture the sky beast! The sky beast closely misses you.
You slash the sky beast! The sky beast barely misses you.
You slice the sky beast!!
You kill the sky beast!
Yredelemnul accepts your kill.
Harold the Weathered comes into view.
He is wielding a +2 glaive of freezing, wearing a +2 chain mail of fire resistance and carrying a wand of clouds (4).
Harold shouts!
Harold resists with almost no effort.
Harold zaps a wand.
Harold creates a blast of freezing vapour!
You now have 9/17 mp.
Harold is blasted!
You are engulfed in freezing vapours.
You resist.
Harold zaps a wand.
Harold creates a blast of flame!
You take 4 damage, and have 73/77 hp.
Harold easily resists.
You are engulfed in freezing vapours.
You resist.
Harold throws a throwing net.
The throwing net misses you.
You take 3 damage, and have 70/77 hp.
What are your orders? t - Bark!
Orders for allies: a - Attack new target. p - Attack previous target. r - Retreat! s - Stop attacking. g - Guard the area. f - Follow me.
Anything else - Cancel.
Okay, then.
Firing (i - inventory) No suitable missiles.
Aim: Harold, wielding a +2 glaive of freezing, wearing a +2 chain mail of fire resistance, quivering 4 throwing nets and carrying a wand of clouds (2) (lightly wounded)
You throw a throwing net {=f, !d}. The throwing net {=f, !d} hits Harold.
Harold is caught in the net!
You are engulfed in freezing vapours.
You resist.
Harold struggles against the net.
You take 3 damage, and have 67/77 hp.
You are engulfed in freezing vapours.
You resist.
Harold struggles against the net.
You take 4 damage, and have 63/77 hp.
Attack whom?
Aim: Harold, wielding a +2 glaive of freezing, wearing a +2 chain mail of fire resistance, quivering 4 throwing nets and carrying a wand of clouds (2) (lightly wounded, entangled in a net)
You reach to attack!
You puncture Harold!
You are engulfed in freezing vapours.
You resist.
Harold struggles against the net.
You take 7 damage, and have 56/77 hp.
Attack whom?
Aim: Harold, wielding a +2 glaive of freezing, wearing a +2 chain mail of fire resistance, quivering 4 throwing nets and carrying a wand of clouds (2) (moderately wounded, entangled in a net)
You reach to attack!
You slash Harold!
You are engulfed in freezing vapours.
You resist.
Harold struggles against the net.
You take 7 damage, and have 49/77 hp.
Attack whom?
Aim: Harold, wielding a +2 glaive of freezing, wearing a +2 chain mail of fire resistance, quivering 4 throwing nets and carrying a wand of clouds (2) (heavily wounded, entangled in a net)
You reach to attack!
You catch the helpless Harold completely off-guard!
You puncture Harold!
You are engulfed in freezing vapours.
You resist.
Harold struggles against the net.
You take 6 damage, and have 43/77 hp.
You are too injured to fight recklessly!
You are too injured to fight recklessly!
You are too injured to fight recklessly!
Attack whom?
Aim: Harold, wielding a +2 glaive of freezing, wearing a +2 chain mail of fire resistance, quivering 4 throwing nets and carrying a wand of clouds (2) (severely wounded, entangled in a net)
You reach to attack!
You slash Harold!
You are engulfed in freezing vapours.
You resist.
Harold zaps a wand.
Harold creates a blast of poison gas!
Harold struggles against the net.
The net rips apart, and Harold comes free!
Your magical contamination has completely faded away.
You take 5 damage, and have 38/77 hp.
Attack whom?
Aim: Harold, wielding a +2 glaive of freezing, wearing a +2 chain mail of fire resistance, quivering 4 throwing nets and carrying a wand of clouds (1) (almost dead)
You reach to attack!
You hit Harold but do no damage.
You are engulfed in freezing vapours.
You resist.
You take 3 damage, and have 35/77 hp.
Attack whom?
Aim: Harold, wielding a +2 glaive of freezing, wearing a +2 chain mail of fire resistance, quivering 4 throwing nets and carrying a wand of clouds (1) (almost dead)
You reach to attack!
You barely miss Harold.
You are engulfed in freezing vapours.
You resist. Harold casts a spell at you. A sentinel's mark forms upon you.
You take 3 damage, and have 32/77 hp.
Unknown command.
You are too injured to fight recklessly!
Attack whom?
Aim: Harold, wielding a +2 glaive of freezing, wearing a +2 chain mail of fire resistance, quivering 4 throwing nets and carrying a wand of clouds (1) (almost dead)
You reach to attack!
You hit Harold but do no damage.
You are engulfed in freezing vapours.
You resist.
* * * LOW HITPOINT WARNING * * *
Harold zaps a wand.
Harold creates a blast of flame!
The now-empty wand crumbles to dust.
You take 9 damage, and have 23/77 hp.
Attack whom?
Aim: Harold, wielding a +2 glaive of freezing, wearing a +2 chain mail of fire resistance and quivering 4 throwing nets (almost dead)
You reach to attack!
You barely miss Harold.
You are engulfed in freezing vapours.
You resist.
* * * LOW HITPOINT WARNING * * *
Harold fires a harpoon shot at you. The harpoon shot misses you.
You take 2 damage, and have 21/77 hp.
Harold hits you from afar with a +2 glaive of freezing!!
* * * LOW HITPOINT WARNING * * *
Harold freezes you.
You die...
Your body rises from the dead as a mindless zombie.

#.###.. #.#
....#.........)# ∆
#.## #.#.#.#.#.#.#...
......
...............#
#.####
#.#...#.#.#.#..# #.#
...............# #.#
#.#...#.#.#.#..####.#
..................#.#
#.#...#@#§#.#..##.#.#
.....@§§☼§§.(..##...#
##.##.###§##...##..##
... ...#######..#####
#..#?.####
####.....>. #..8.
............ #...
.#####.##### # . #.#
#.#


You could see Harold.

Vanquished Creatures
  A two-headed ogre (D:8)
  Pikel (D:5)
  The ghost of coolguy69 the Ruffian, a novice VSMo of Okawaru (D:6)
  Sigmund (D:3)
  2 wraiths (D:7)
  Duvessa (D:4)
  An orc warrior (D:6)
  An ice beast (D:6)
  A slave (D:5)
  A black bear (D:6)
  A necrophage (D:7)
  A sky beast (D:8)
  2 centaurs
  An ogre (D:8)
  A big kobold (D:8)
  An elf zombie (D:7)
  5 bullfrogs
  A gnoll sergeant (D:7)
  2 scorpions
  Dowan (D:4)
  5 killer bees
  4 wights (D:7)
  A crimson imp (D:6)
  3 bullfrog zombies
  3 hounds
  4 human zombies (D:7)
  3 jellies
  2 centaur skeletons
  3 orc priests
  Jessica (D:2)
  Ijyb (D:3)
  Terence (D:3)
  5 orc wizards
  2 iguanas
  5 worker ants
  An ogre zombie (D:7)
  A mummy (D:7)
  Robin (D:3)
  10 gnolls
  11 adders
  A shadow imp (D:7)
  2 oozes
  2 adder skeletons
  3 worms
  3 dart slugs
  3 leopard geckos
  27 orcs
  6 giant cockroaches
  19 goblins
  7 hobgoblins
  11 jackals
  10 kobolds
  2 quokkas
  2 ball pythons
  11 bats
  3 frilled lizards
  An orc skeleton (D:7)
  9 rats
216 creatures vanquished.

Vanquished Creatures (others)
  A slave (D:5)
  A scorpion (D:5)
  A centaur skeleton (D:5)
3 creatures vanquished.

Grand Total: 219 creatures vanquished

Notes
Turn   | Place    | Note
-------+----------+-------------------------------------------
     0 | D:1      | operationiv the Gnoll Gladiator began the quest for the
                  | Orb.
     0 | D:1      | Reached XP level 1. HP: 20/20 MP: 1/1
   107 | D:1      | Reached XP level 2. HP: 26/26 MP: 2/2
   454 | D:1      | Reached XP level 3. HP: 31/31 MP: 3/3
  1007 | D:2      | Noticed Jessica
  1015 | D:2      | Killed Jessica
  1015 | D:2      | Reached skill level 1 in Short Blades
  1015 | D:2      | Reached skill level 1 in Long Blades
  1015 | D:2      | Reached skill level 1 in Axes
  1015 | D:2      | Reached skill level 1 in Maces & Flails
  1015 | D:2      | Reached skill level 1 in Staves
  1015 | D:2      | Reached skill level 1 in Slings
  1015 | D:2      | Reached skill level 1 in Bows
  1015 | D:2      | Reached skill level 1 in Crossbows
  1015 | D:2      | Reached skill level 1 in Armour
  1015 | D:2      | Reached skill level 1 in Stealth
  1015 | D:2      | Reached skill level 1 in Shields
  1015 | D:2      | Reached skill level 1 in Unarmed Combat
  1015 | D:2      | Reached skill level 1 in Spellcasting
  1015 | D:2      | Reached skill level 1 in Invocations
  1015 | D:2      | Reached skill level 1 in Evocations
  1015 | D:2      | Reached XP level 4. HP: 32/38 MP: 5/5
  1512 | D:3      | Reached skill level 1 in Conjurations
  1512 | D:3      | Reached skill level 1 in Hexes
  1512 | D:3      | Reached skill level 1 in Charms
  1512 | D:3      | Reached skill level 1 in Summonings
  1512 | D:3      | Reached skill level 1 in Necromancy
  1512 | D:3      | Reached skill level 1 in Translocations
  1512 | D:3      | Reached skill level 1 in Transmutations
  1512 | D:3      | Reached skill level 1 in Fire Magic
  1512 | D:3      | Reached skill level 1 in Ice Magic
  1512 | D:3      | Reached skill level 1 in Air Magic
  1512 | D:3      | Reached skill level 1 in Earth Magic
  1512 | D:3      | Reached skill level 1 in Poison Magic
  1515 | D:3      | Noticed Robin
  1717 | D:3      | Killed Robin
  1717 | D:3      | Reached XP level 5. HP: 35/43 MP: 6/6
  1776 | D:3      | Noticed Terence
  1783 | D:3      | Killed Terence
  1963 | D:3      | Noticed Sigmund
  1979 | D:3      | Killed Sigmund
  1979 | D:3      | Reached skill level 5 in Fighting
  1979 | D:3      | Reached skill level 2 in Short Blades
  1979 | D:3      | Reached skill level 2 in Long Blades
  1979 | D:3      | Reached skill level 2 in Axes
  1979 | D:3      | Reached skill level 2 in Maces & Flails
  1979 | D:3      | Reached skill level 2 in Staves
  1979 | D:3      | Reached skill level 2 in Slings
  1979 | D:3      | Reached skill level 2 in Bows
  1979 | D:3      | Reached skill level 2 in Crossbows
  1979 | D:3      | Reached skill level 5 in Throwing
  1979 | D:3      | Reached skill level 2 in Armour
  1979 | D:3      | Reached skill level 2 in Stealth
  1979 | D:3      | Reached skill level 2 in Shields
  1979 | D:3      | Reached skill level 2 in Unarmed Combat
  1979 | D:3      | Reached skill level 2 in Spellcasting
  1979 | D:3      | Reached skill level 2 in Invocations
  1979 | D:3      | Reached skill level 2 in Evocations
  1979 | D:3      | Reached XP level 6. HP: 45/51 MP: 7/9
  2378 | D:3      | Noticed Ijyb
  2439 | D:2      | Reached XP level 7. HP: 44/56 MP: 10/10
  2527 | D:2      | Reached skill level 7 in Polearms
  2527 | D:2      | Reached skill level 7 in Dodging
  2530 | D:2      | HP: 13/56 [poisoned by a killer bee]
  2537 | D:2      | HP: 14/56 [poisoned by a killer bee]
  2563 | D:2      | HP: 14/56 [poisoned by a killer bee]
  2569 | D:2      | HP: 13/56 [poisoned by a killer bee]
  2577 | D:2      | HP: 12/56 [poisoned by a killer bee]
  2982 | D:3      | Reached skill level 2 in Conjurations
  2982 | D:3      | Reached skill level 2 in Hexes
  2982 | D:3      | Reached skill level 2 in Charms
  2982 | D:3      | Reached skill level 2 in Summonings
  2982 | D:3      | Reached skill level 2 in Necromancy
  2982 | D:3      | Reached skill level 2 in Translocations
  2982 | D:3      | Reached skill level 2 in Transmutations
  2982 | D:3      | Reached skill level 2 in Fire Magic
  2982 | D:3      | Reached skill level 2 in Ice Magic
  2982 | D:3      | Reached skill level 2 in Air Magic
  2982 | D:3      | Reached skill level 2 in Earth Magic
  2982 | D:3      | Reached skill level 2 in Poison Magic
  3093 | D:3      | Killed Ijyb
  3187 | D:3      | Found a shattered altar of Ashenzari.
  3187 | D:3      | Found a bloodstained altar of Trog.
  3237 | D:3      | Found a runed translucent door.
  3238 | D:3      | Noticed Crazy Yiuf
  3440 | D:4      | Reached skill level 3 in Invocations
  3586 | D:4      | Reached XP level 8. HP: 34/63 MP: 12/12
  3895 | D:4      | Learned a level 2 spell: Ensorcelled Hibernation
  4517 | D:4      | Reached skill level 3 in Short Blades
  4517 | D:4      | Reached skill level 3 in Long Blades
  4517 | D:4      | Reached skill level 3 in Axes
  4517 | D:4      | Reached skill level 3 in Maces & Flails
  4517 | D:4      | Reached skill level 3 in Staves
  4517 | D:4      | Reached skill level 3 in Slings
  4517 | D:4      | Reached skill level 3 in Bows
  4517 | D:4      | Reached skill level 3 in Crossbows
  4517 | D:4      | Reached skill level 3 in Armour
  4517 | D:4      | Reached skill level 3 in Stealth
  4517 | D:4      | Reached skill level 3 in Shields
  4517 | D:4      | Reached skill level 3 in Unarmed Combat
  4517 | D:4      | Reached skill level 3 in Spellcasting
  4517 | D:4      | Reached skill level 3 in Evocations
  4568 | D:4      | Noticed Duvessa
  4568 | D:4      | Noticed Dowan
  4578 | D:4      | Killed Duvessa
  4582 | D:4      | Killed Dowan
  4758 | D:5      | Entered Level 5 of the Dungeon
  4778 | D:5      | Noticed Pikel
  4787 | D:5      | Killed Pikel
  4798 | D:5      | Found an opulent altar of Gozag.
  4808 | D:5      | Reached skill level 3 in Conjurations
  4808 | D:5      | Reached skill level 3 in Hexes
  4808 | D:5      | Reached skill level 3 in Charms
  4808 | D:5      | Reached skill level 3 in Summonings
  4808 | D:5      | Reached skill level 3 in Necromancy
  4808 | D:5      | Reached skill level 3 in Translocations
  4808 | D:5      | Reached skill level 3 in Transmutations
  4808 | D:5      | Reached skill level 3 in Fire Magic
  4808 | D:5      | Reached skill level 3 in Ice Magic
  4808 | D:5      | Reached skill level 3 in Air Magic
  4808 | D:5      | Reached skill level 3 in Earth Magic
  4808 | D:5      | Reached skill level 3 in Poison Magic
  4808 | D:5      | Reached skill level 4 in Invocations
  5022 | D:5      | Found a staircase to the Ecumenical Temple.
  5028 | D:5      | Reached skill level 6 in Fighting
  5028 | D:5      | Reached skill level 6 in Throwing
  5028 | D:5      | Reached XP level 9. HP: 57/69 MP: 14/14
  5171 | D:5      | Found a shimmering altar of Xom.
  5222 | Temple   | Entered the Ecumenical Temple
  5290 | Temple   | Became a worshipper of Yredelemnul the Dark
  5584 | D:6      | Learned a level 2 spell: Sticks to Snakes
  5663 | D:6      | Reached skill level 4 in Short Blades
  5663 | D:6      | Reached skill level 4 in Long Blades
  5663 | D:6      | Reached skill level 4 in Axes
  5663 | D:6      | Reached skill level 4 in Maces & Flails
  5663 | D:6      | Reached skill level 4 in Staves
  5663 | D:6      | Reached skill level 4 in Slings
  5663 | D:6      | Reached skill level 4 in Bows
  5663 | D:6      | Reached skill level 4 in Crossbows
  5663 | D:6      | Reached skill level 4 in Armour
  5663 | D:6      | Reached skill level 4 in Stealth
  5663 | D:6      | Reached skill level 4 in Shields
  5663 | D:6      | Reached skill level 4 in Unarmed Combat
  5663 | D:6      | Reached skill level 4 in Spellcasting
  5663 | D:6      | Reached skill level 4 in Evocations
  5887 | D:6      | Found a glowing golden altar of the Shining One.
  6006 | D:6      | Found a runed translucent door.
  6021 | D:6      | Noticed coolguy69's ghost (novice VSMo)
  6553 | D:6      | Killed coolguy69's ghost
  6553 | D:6      | Reached skill level 8 in Polearms
  6553 | D:6      | Reached skill level 8 in Dodging
  6683 | D:7      | Reached * piety under Yredelemnul
  6731 | D:7      | Found a hazy altar of Hepliaklqana.
  6824 | D:7      | Found a sparkling altar of Nemelex Xobeh.
  6836 | D:7      | Reached skill level 5 in Invocations
  7495 | D:7      | Found Dous Zur's Gadget Boutique.
  7539 | D:7      | Reached XP level 10. HP: 65/77 MP: 17/17
  7681 | D:7      | Reached skill level 4 in Conjurations
  7681 | D:7      | Reached skill level 4 in Hexes
  7681 | D:7      | Reached skill level 4 in Charms
  7681 | D:7      | Reached skill level 4 in Summonings
  7681 | D:7      | Reached skill level 4 in Necromancy
  7681 | D:7      | Reached skill level 4 in Translocations
  7681 | D:7      | Reached skill level 4 in Transmutations
  7681 | D:7      | Reached skill level 4 in Fire Magic
  7681 | D:7      | Reached skill level 4 in Ice Magic
  7681 | D:7      | Reached skill level 4 in Air Magic
  7681 | D:7      | Reached skill level 4 in Earth Magic
  7681 | D:7      | Reached skill level 4 in Poison Magic
  7937 | D:7      | Reached skill level 5 in Short Blades
  7937 | D:7      | Reached skill level 5 in Long Blades
  7937 | D:7      | Reached skill level 5 in Axes
  7937 | D:7      | Reached skill level 5 in Maces & Flails
  7937 | D:7      | Reached skill level 5 in Staves
  7937 | D:7      | Reached skill level 5 in Slings
  7937 | D:7      | Reached skill level 5 in Bows
  7937 | D:7      | Reached skill level 5 in Crossbows
  7937 | D:7      | Reached skill level 5 in Armour
  7937 | D:7      | Reached skill level 5 in Stealth
  7937 | D:7      | Reached skill level 5 in Shields
  7937 | D:7      | Reached skill level 5 in Unarmed Combat
  7937 | D:7      | Reached skill level 5 in Spellcasting
  7937 | D:7      | Reached skill level 5 in Evocations
  7944 | D:7      | Found an ancient bone altar of Kikubaaqudgha.
  8479 | D:8      | Found a white marble altar of Elyvilon.
  8481 | D:8      | Found a burning altar of Makhleb.
  8484 | D:8      | Found a sacrificial altar of Ru.
  8510 | D:8      | Found an opulent altar of Gozag.
  8619 | D:8      | Noticed a two-headed ogre
  8638 | D:8      | HP: 18/75 [two-headed ogre/+0 giant club (14)]
  8639 | D:8      | Killed a two-headed ogre
  8639 | D:8      | Reached skill level 7 in Fighting
  8639 | D:8      | Reached skill level 7 in Throwing
  9138 | D:8      | Noticed Harold
  9155 | D:8      | HP: 1/77 [Harold/+2 glaive of freezing (20)]
  9155 | D:8      | Slain by Harold

Illustrated notes

Levels and vault maps discovered:
D:1:      eino_arrival_tree_alley, layout_basic, minmay_misc_feat_columns,
          chequers_serial_rivers_room_a
D:2:      layout_rooms, chequers_serial_rivers_small_b, kennysheep_jessica_study
D:3:      layout_basic, gammafunk_temple_overflow_elements, minmay_cut_off,
          uniq_jessica, uniq_robin, uniq_sigmund, uniq_ijyb,
          uniq_crazy_yiuf_cottage, uniq_terence
D:4:      layout_basic, first_ration, uniq_duvessa
D:5:      layout_rooms, minmay_temple_entry_water_ring, basic_altar,
          nicolae_gozag_cash_rules_everything_around_me, uniq_pikel
D:6:      layout_loops_ring, tso_metal_star, ebering_ghost_sewer_d
D:7:      layout_basic, lemuel_mausoleum_altar_kikubaaqudgha,
          overflow_temple_1_default, nicolae_overflow_crystal_walls,
          serial_shops, shop, dk_rats_in_the_wall
D:8:      layout_loops_ring, minitemple, slow_altar_2, serial_shops,
          nicolae_shop_statue_plus, basic_altar, serial_glass, glass_columns_a,
          glass_columns_c, glass_columns_a, glass_columns_c, glass_columns_a,
          glass_columns_b, hangedman_pestilent_swarm, uniq_harold
Temple:   minmay_temple_bridge_abc

Skill      XL: |  1  2  3  4  5  6  7  8  9 10 |
---------------+-------------------------------+-----
Short Blades   | 1 2 3 4 5 |  5.3
Long Blades    | 1 2 3 4 5 |  5.3
Axes           | 1 2 3 4 5 |  5.3
Maces & Flails | 1 2 3 4 5 |  5.3
Staves         | 1 2 3 4 5 |  5.3
Slings         | 1 2 3 4 5 |  5.3
Bows           | 1 2 3 4 5 |  5.3
Crossbows      | 1 2 3 4 5 |  5.3
Armour         | 1 2 3 4 5 |  5.3
Stealth        | 1 2 3 4 5 |  5.3
Shields        | 1 2 3 4 5 |  5.3
Unarmed Combat | 1 2 3 4 5 |  5.3
Spellcasting   | 1 2 3 4 5 |  5.3
Invocations    | 1 2 3 4 5 |  5.8
Evocations     | 1 2 3 4 5 |  5.3
Conjurations   | 1 2 3 4 |  4.3
Hexes          | 1 2 3 4 |  4.3
Charms         | 1 2 3 4 |  4.3
Summonings     | 1 2 3 4 |  4.3
Necromancy     | 1 2 3 4 |  4.3
Translocations | 1 2 3 4 |  4.3
Transmutations | 1 2 3 4 |  4.3
Fire Magic     | 1 2 3 4 |  4.3
Ice Magic      | 1 2 3 4 |  4.3
Air Magic      | 1 2 3 4 |  4.3
Earth Magic    | 1 2 3 4 |  4.3
Poison Magic   | 1 2 3 4 |  4.3
Fighting       | 5 6 7 |  7.1
Throwing       | 5 6 7 |  7.1
Polearms       | 7 8 |  8.5
Dodging        | 7 8 |  8.5

Action                   |  1- 3 |  4- 6 |  7- 9 | 10-12 || total
-------------------------+-------+-------+-------+-------++-------
Melee: Trident           |    91 |   130 |    70 |       ||   291
       Bite              |    11 |    10 |    48 |    21 ||    90
       Punch             |     1 |       |     1 |       ||     2
       Spear             |       |    44 |       |       ||    44
       Unarmed           |       |     2 |    21 |       ||    23
       Halberd           |       |       |   308 |   148 ||   456
Throw: Throwing net      |       |       |       |     1 ||     1
 Cast: Ensorcelled Hiber |       |       |     5 |     5 ||    10
Evoke: Wand              |       |       |       |     2 ||     2
  Use: Potion            |       |       |     3 |       ||     3
       Scroll            |       |       |     1 |       ||     1
 Stab: Sleeping          |     2 |     3 |     5 |     7 ||    17
       Distracted        |       |       |       |     2 ||     2
       Held in net/web   |       |       |       |     1 ||     1
  Eat: Chunk             |       |     5 |    16 |     3 ||    24
       Ration            |       |       |       |     1 ||     1
Armor: Leather armour    |    14 |    14 |       |       ||    28
       Scale mail        |       |    12 |   121 |    14 ||   147
       Skin              |       |       |     3 |       ||     3
Dodge: Dodged            |    67 |   118 |   239 |    96 ||   520

Table legend:
 A = Non-vault XP
 B = Vault XP
 C = Vault XP percentage of total XP
 D = Non-vault monster count
 E = Vault monster count
 F = Vault count percentage of total count
                 A         B        C        D         E       F
            +---------+---------+-------+---------+---------+-------
      Total |    4533 |    2664 |  37.0 |     176 |      39 |  18.1
            +---------+---------+-------+---------+---------+-------
        D:1 |      48 |       0 |   0.0 |      22 |       0 |   0.0
        D:2 |     230 |      45 |  16.4 |      25 |       5 |  16.7
        D:3 |     224 |     355 |  61.3 |      25 |      16 |  39.0
        D:4 |     486 |     218 |  31.0 |      29 |       2 |   6.5
        D:5 |     287 |     593 |  67.4 |      10 |       1 |   9.1
        D:6 |     975 |     528 |  35.1 |      25 |       3 |  10.7
        D:7 |     784 |     925 |  54.1 |      22 |      12 |  35.3
        D:8 |    1499 |       0 |   0.0 |      18 |       0 |   0.0
            +---------+---------+-------+---------+---------+-------

Levels and vault maps discovered:
D:1:      eino_arrival_tree_alley, layout_basic, minmay_misc_feat_columns,
          chequers_serial_rivers_room_a
D:2:      layout_rooms, chequers_serial_rivers_small_b, kennysheep_jessica_study
D:3:      layout_basic, gammafunk_temple_overflow_elements, minmay_cut_off,
          uniq_jessica, uniq_robin, uniq_sigmund, uniq_ijyb,
          uniq_crazy_yiuf_cottage, uniq_terence
D:4:      layout_basic, first_ration, uniq_duvessa
D:5:      layout_rooms, minmay_temple_entry_water_ring, basic_altar,
          nicolae_gozag_cash_rules_everything_around_me, uniq_pikel
D:6:      layout_loops_ring, tso_metal_star, ebering_ghost_sewer_d
D:7:      layout_basic, lemuel_mausoleum_altar_kikubaaqudgha,
          overflow_temple_1_default, nicolae_overflow_crystal_walls,
          serial_shops, shop, dk_rats_in_the_wall
D:8:      layout_loops_ring, minitemple, slow_altar_2, serial_shops,
          nicolae_shop_statue_plus, basic_altar, serial_glass, glass_columns_a,
          glass_columns_c, glass_columns_a, glass_columns_c, glass_columns_a,
          glass_columns_b, hangedman_pestilent_swarm, uniq_harold
Temple:   minmay_temple_bridge_abc

Table legend:
 A = Turns spent in this place as a percentage of turns spent in the entire game.
 B = Non-inter-level travel turns spent in this place as a percentage of non-inter-level travel turns spent in the entire game.
 C = Inter-level travel turns spent in this place as a percentage of turns spent in this place.
 D = Turns resting spent in this place as a percentage of non-inter-level travel turns spent in this place.
 E = Turns spent auto-exploring this place as a percentage of non-inter-level travel turns spent in this place.
 F = Non-inter-level travel turns spent in this place divided by the number of levels of this place that you've seen.
                   A       B       C       D       E      F
               +-------+-------+-------+-------+-------+----------------------
         Total | 100.0 | 100.0 |   3.3 |  23.2 |  59.3 | 984.1
       Dungeon |  98.9 |  99.2 |   2.9 |  23.4 |  59.3 | 1098.6
        Temple |   1.1 |   0.8 |  34.6 |   0.0 |  67.6 |  68.0
               +-------+-------+-------+-------+-------+----------------------

Table legend:
 A = Kills in this place as a percentage of kills in entire the game.
 B = Kills by you in this place as a percentage of kills by you in the entire game.
 C = Kills by friends in this place as a percentage of kills by friends in the entire game.
 D = Other kills in this place as a percentage of other kills in the entire game.
 E = Experience gained in this place as a percentage of experience gained in the entire game.
 F = Experience gained in this place divided by the number of levels of this place that you have seen.
                   A       B       C       D       E      F
               +-------+-------+-------+-------+-------+----------------------
         Total | 100.0 | 100.0 |   N/A |   N/A | 100.0 | 799.7
       Dungeon | 100.0 | 100.0 |   N/A |   N/A | 100.0 | 899.6
               +-------+-------+-------+-------+-------+----------------------
